 Dungeon Crawl Stone Soup version 0.31-a0-229-g1fc7ce93e2 (webtiles) character file.

Game seed: 12469727906429682459

29157 mdonais the Fighter (level 13, 0/111 HPs)
             Began as a Mummy Monk on July 6, 2023.
             Was an Elder of Lugonu.
             Killed by divine providence
             ... invoked by a smoke demon
             ... summoned by an orc high priest
              (11 damage)
             ... on level 1 of the Orcish Mines.
             The game lasted 01:10:07 (16227 turns).

mdonais the Fighter (Mummy Monk)                   Turns: 16227, Time: 01:10:08

Health: 0/111      AC: 37    Str: 24    XL:     13   Next: 13%
Magic:  0/19       EV:  9    Int: 11    God:    Lugonu [****..]
Gold:   584        SH:  5    Dex: 23    Spells: 12/12 levels left

rFire   + . .        a - +6 battleaxe (flame)
rCold   + + +        (shield currently unavailable)
rNeg    + + +        D - +15 Maxwell's patent armour {-Cast -Tele rElec Will+ rCorr}
rPois   ∞            (no helmet)
rElec   +            j - +0 cloak {rF+}
rCorr   +            y - +2 pair of gloves {infuse}
SInv    .            h - +2 pair of boots
Will    +....        H - amulet of the Harvest {Reflect rF+ rC+ Will- Int+2 Dex+7 SH+5} Stlth
                     c - ring of protection from cold
HPRegen 0.38/turn    k - +6 ring of strength
MPRegen 0.16/turn

%: no teleportation, no spellcasting, reflection, faith
@: no status effects
A: cold resistance 1, negative energy resistance 3, torment resistance 2, heat
vulnerability 1, in touch with death 2, no potions, faith
a: Renounce Religion, Depart the Abyss, Banish, Corrupt


You were on level 1 of the Orcish Mines.
You worshipped Lugonu.
Lugonu was greatly pleased with you.
You visited 3 branches of the dungeon, and saw 14 of its levels.
You visited the Abyss 2 times.
You also visited: Volcano.

You collected 1643 gold pieces.
You spent 1059 gold pieces at shops.

Inventory:

Hand Weapons
 a - a +6 battleaxe of flaming (weapon)
   (You took it off an orc warrior on level 1 of the Orcish Mines)
 b - a +0 orcbow
   (You took it off an orc warrior on level 2 of the Orcish Mines)
 e - a +2 rapier of venom
   (You took it off Eustachio on level 4 of the Dungeon)
 f - a +1 shortbow of freezing
   (You took it off an orc on level 1 of the Orcish Mines)
 g - a +1 heavy sling
   (You took it off a goblin on level 3 of the Dungeon)
 o - a +1 war axe of freezing
   (You took it off an orc knight on level 1 of the Orcish Mines)
 C - a +4 war axe
   (You took it off a wight on level 9 of the Dungeon)
 M - a +0 glaive of flaming
   (You found it in a volcano)
 N - a +2 quarterstaff of flaming
   (You found it in a volcano)
Missiles
 t - 8 boomerangs
 w - 45 poisoned darts
 F - 6 curare-tipped darts
 G - 4 datura-tipped darts
 K - a boomerang of dispersal
 Z - a throwing net {=!f}
Armour
 h - a +2 pair of boots (worn)
   (You found it on level 2 of the Dungeon)
 j - a +0 cloak of fire resistance (worn)
   (You found it in a volcano)
 u - +0 acid dragon scales
   (You took it off Maggie on level 6 of the Dungeon)
 v - an orb of light
 y - a +2 pair of gloves of infusion (worn)
   (You bought it in a shop on level 2 of the Orcish Mines)
 D - the +15 Maxwell's patent armour (worn) {-Cast -Tele rElec Will+ rCorr}
   (You found it on level 9 of the Dungeon)

   rElec:     It insulates you from electricity.
   -Cast:     It prevents spellcasting.
   -Tele:     It prevents most forms of teleportation.
   rCorr:     It protects you from acid and corrosion.
   Will:      It increases your willpower.
 L - a +3 ring mail of fire resistance
   (You found it in a volcano)
Magical Staves
 q - a staff of air
   (You found it on level 5 of the Dungeon)
Jewellery
 c - a ring of protection from cold (left hand)
   (You found it on level 6 of the Dungeon)
 k - a +6 ring of strength (right hand)
   (You bought it in a shop on level 1 of the Dungeon)
 r - an amulet of regeneration
   (You found it on level 2 of the Dungeon)
 H - the amulet of the Harvest (around neck) {Reflect rF+ rC+ Will- Int+2 Dex+7 SH+5}
   (You found it on level 1 of the Lair of Beasts)

   [amulet of reflection]

   It reflects blocked missile attacks.
   Int:       It affects your intelligence (+2).
   Dex:       It affects your dexterity (+7).
   rF:        It protects you from fire.
   rC:        It protects you from cold.
   SH:        It affects your SH (+5).
   Will:      It decreases your willpower.
Wands
 n - a wand of light (13) (quivered)
   (You found it on level 7 of the Dungeon)
 s - a wand of charming (10)
   (You found it on level 8 of the Dungeon)
 I - a wand of iceblast (3)
   (You found it on level 8 of the Dungeon)
Scrolls
 d - 2 scrolls of immolation
 i - a scroll of fear
 m - a scroll of enchant weapon
 p - 3 scrolls of fog
 x - 2 scrolls of vulnerability
 A - 2 scrolls of poison
 B - a scroll of blinking
 R - 3 scrolls of identify
 T - 8 scrolls of teleportation
Miscellaneous
 z - a piece from Xom's chessboard (15/15)
   (You found it on level 9 of the Dungeon)


   Skills:
 - Level 13.0 Fighting
 + Level 10.2 Axes
 - Level 10.0 Armour
 - Level 2.4 Dodging
 - Level 8.0 Invocations
 - Level 2.0 Evocations


You had 12 spell levels left.
You didn't know any spells.
Your spell library contained the following spells:

 Spells                   Type           Power      Damage    Failure   Level
 Magic Dart               Conj           0%         1d3       98%         1
 Sandblast                Erth           0%         2d4       98%         1
 Slow                     Hex            0%         N/A       98%         1
 Summon Small Mammal      Summ           0%         N/A       98%         1
 Call Imp                 Summ           0%         N/A       99%         2
 Passwall                 Tmut/Erth      0%         N/A       99%         2
 Call Canine Familiar     Summ           0%         N/A       100%        3
 Confusing Touch          Hex            0%         N/A       100%        3
 Inner Flame              Hex/Fire       0%         N/A       100%        3
 Mephitic Cloud           Conj/Pois/Air  0%         N/A       100%        3
 Stone Arrow              Conj/Erth      0%         3d7       100%        3
 Summon Guardian Golem    Hex/Summ       0%         N/A       100%        3
 Vampiric Draining        Necr           0%         2d6       100%        3
 Flame Wave               Conj/Fire      0%         2d4       100%        4
 Sticky Flame             Conj/Fire      0%         2d3       100%        4


Dungeon Overview and Level Annotations

Branches:
Dungeon (10/15) Zot: 26159  Temple (0/1) D:7            Lair (2/5) D:10 Zot: 10738
    Orc (2/2) D:10 Zot: 9175     Elf (0/3) Orc:2       Volcano (visited)
  Swamp: Lair:2-3    Shoals: Lair:2-3     Snake: Lair:2-3    Spider: Lair:2-3

Altars:
Ashenzari
Dithmenos
Gozag
Hepliaklqana
Nemelex Xobeh
Okawaru
Trog
Uskayaw

Shops:
D:1 =   Orc:2 *([:

Annotations:
D:9 hydra and others
Lair:1 1 exclusion


Innate Abilities, Weirdness & Mutations

You are immune to poison.
Your flesh is cold resistant. (rC+)
You are immune to negative energy. (rN+++)
You are immune to unholy pain and torment.
You are vulnerable to heat. (rF-)
You are strongly in touch with the powers of death.
You do not drink.
You have a special connection with the divine. (Faith)


Message History

The orc warrior shouts!
An orc warrior comes into view. It is wielding a +1 vampiric hand axe.
You shoot an arrow. The arrow hits the orc warrior!
The orc warrior is moderately wounded.
An orc high priest comes into view. It is wielding a +0 long sword.
You shoot an arrow. The orc high priest shouts!
The arrow hits the orc warrior.
The orc warrior is lightly wounded.
An orc warrior comes into view. It is wielding a +0 dire flail.
The orc high priest calls down the wrath of Beogh upon you.
Beogh smites you!
You take 15 damage, and have 96/111 hp.
You shoot an arrow. The arrow hits the orc warrior.
The orc warrior is moderately wounded.
The orc high priest utters an invocation to Beogh.
The orc high priest invokes the aid of Beogh against you.
Beogh smites you!
You hear a shout!
You take 10 damage, and have 86/111 hp.
Your +6 battleaxe of flaming bursts into flame!
a - a +6 battleaxe of flaming (weapon)
A warg comes into view.
You hit the orc warrior. You burn the orc warrior.
The orc warrior is heavily wounded.
The orc warrior hits you but does no damage.
An orc wizard comes into view. It is wielding a +0 dagger.
You now have 18/19 mp.
You slice the orc warrior!! You burn the orc warrior.
You kill the orc warrior!
Lugonu accepts your kill.
The orc warrior unwields a +0 dire flail.
The orc warrior wields a +0 arbalest.
The orc warrior shoots a bolt.
The bolt hits you but does no damage.
You now have 17/19 mp.
You closely miss the warg. The warg closely misses you.
You slash the warg! You burn the warg.
The warg is moderately wounded.
The warg bites you but does no damage. The warg barely misses you.
You slice the warg!! You burn the warg.
The warg is almost dead.
The warg bites you but does no damage.
The orc high priest prays to Beogh.
You now have 16/19 mp.
You barely miss the warg.
The warg is almost dead.
You block the warg's attack. x2
You slice the warg!! You burn the warg.
You kill the warg!
Lugonu accepts your kill.
You now have 15/19 mp.
You slash the sun demon!
The sun demon is lightly wounded.
The sun demon barely misses you.
The sun demon hits you but does no damage.
You now have 14/19 mp.
You slash the sun demon!
The sun demon is moderately wounded.
The sun demon hits you but does no damage.
You hit the sun demon but do no damage.
The sun demon is moderately wounded.
The sun demon barely misses you. The sun demon hits you.
You are engulfed in flames.
You resist.
You take 8 damage, and have 83/111 hp.
You now have 13/19 mp.
You hit the sun demon.
The sun demon is moderately wounded.
The sun demon barely misses you. The smoke demon gestures at you.
Beogh smites you!
You take 7 damage, and have 76/111 hp.
You now have 12/19 mp.
You hit the sun demon but do no damage.
The sun demon is moderately wounded.
The sun demon hits you but does no damage.
You now have 11/19 mp.
You slash the sun demon!
The sun demon is heavily wounded.
The sun demon closely misses you.
The sun demon hits you but does no damage.
You now have 10/19 mp.
You barely miss the sun demon.
The sun demon is heavily wounded.
The sun demon barely misses you.
You hit the sun demon.
The sun demon is heavily wounded.
You block the sun demon's attack. The smoke demon gestures at you.
Beogh smites you!
The sun demon hits you but does no damage.
You take 9 damage, and have 68/111 hp.
You now have 10/19 mp.
You hit the sun demon.
The sun demon is heavily wounded.
The smoke demon gestures at you.
The ball of steam hits the sun demon.
The sun demon resists.
The ball of steam hits you but does no damage.
The sun demon hits you but does no damage.
The smoke demon gestures at you. Beogh smites you!
You take 9 damage, and have 59/111 hp.
You now have 9/19 mp.
You slash the sun demon!
The sun demon is almost dead.
The sun demon hits you but does no damage.
The orc high priest is engulfed in a cloud of scalding steam.
The orc high priest mumbles some strange prayers to Beogh.
You block the sun demon's attack.
You now have 8/19 mp.
You closely miss the sun demon.
The sun demon is almost dead.
The sun demon disappears in a puff of smoke!
You slash the smoke demon! You burn the smoke demon.
The smoke demon is heavily wounded.
The smoke demon gestures at you.
The ball of steam hits you but does no damage.
The orc high priest calls down the wrath of Beogh upon you.
Beogh smites you!
You take 13 damage, and have 47/111 hp.
You are too injured to fight recklessly!
You are too injured to fight recklessly!
You are too injured to fight recklessly!
You slash the smoke demon! You burn the smoke demon.
The smoke demon is almost dead.
The orc high priest mumbles some strange prayers to Beogh against you.
Beogh smites you!
You take 13 damage, and have 34/111 hp.
You now have 7/19 mp.
You barely miss the sun demon. The sun demon hits you!!
* * * LOW HITPOINT WARNING * * *
You are engulfed in flames.
You resist.
* * * LOW HITPOINT WARNING * * *
You take 25 damage, and have 9/111 hp.
MASSIVE DAMAGE!!
Press: ? - help, Shift-Dir - straight line, f - orc high priest
Aim: an orc high priest, wielding a +0 long sword and wearing a +0 ring mail (lightly wounded, chance to affect: 54%)
The sun demon easily resists.
The sun demon twists and deforms.
The sun demon hits you but does no damage. x2
The smoke demon gestures at you.
The ball of steam hits the sun demon.
The sun demon resists.
The ball of steam misses you.
You now have 3/19 mp.
Okay, then.
The sun demon attacks as you move away! You block the sun demon's attack.
The sun demon attacks as you move away!
The sun demon hits you but does no damage.
The smoke demon gestures at you.
The ball of steam hits the sun demon.
The sun demon resists.
The ball of steam hits you but does no damage.
Press: ? - help, Shift-Dir - straight line, f/p - orc high priest
Aim: an orc high priest, wielding a +0 long sword and wearing a +0 ring mail (lightly wounded, chance to affect: 54%)
The sun demon resists with significant effort.
The sun demon twists and deforms.
The sun demon closely misses you. The smoke demon gestures at you.
Beogh smites you!
You die...

##.##.........[.....
######.......[.....#.
##.###................
#....##.....>........[
##....................
***##*###.##..#............
##.##.#*####....#...........
#......##....§§.........#..#
*#....4o3.3@§§..##...#...##. ***
##.##o##§...§.§#........#.. *,**
**,*#.*###.......^.........
*,,****,,,ho,*#...........#....#.
*,***,,*,.o.**....##..##.####.###
*,*,,,,,....,,...###.#..## ###
,,,,,,,...#.,,...........#
*,*,,,.....#............##
,**,,,,.#.#............###


You could see an orc high priest, a sun demon (summoned, misshapen), a smoke
demon (summoned), a chaos spawn (summoned) and an orc warrior.

Vanquished Creatures
  An orc warlord (Orc:2)
  Erolcha (Orc:2)
  A dancing weapon (Volcano)
  A two-headed ogre (D:10)
  A thrashing horror (Abyss:2)
  5 wizards (Volcano)
  An orc knight (Orc:1)
  2 orc sorcerers
  4 toenail golems (Volcano)
  3 cane toads (Lair:1)
  Maggie (D:6)
  A kobold demonologist (D:10)
  4 komodo dragons
  2 trolls
  Grinder (D:5)
  2 hornets
  Prince Ribbit (D:5)
  5 blink frogs (Lair:1)
  A wraith (D:9)
  3 yaks (Lair:1)
  A fire elemental (Lair:1)
  Eustachio (D:4)
  3 basilisks (Lair:1)
  3 steam dragons (D:8)
  6 wargs
  Edmund (D:4)
  Duvessa (D:7)
  5 water moccasins
  41 orc warriors
  A sky beast (D:7)
  7 ogres
  3 black bears
  3 centaurs
  9 wolves (Lair:1)
  A phantom (D:4)
  9 kobold brigands
  11 bullfrogs
  2 scorpions
  20 wights
  Dowan (D:7)
  10 killer bees
  An electric eel (Lair:1)
  4 jellies
  22 orc priests
  Crazy Yiuf (D:2)
  2 hounds (D:7)
  A sleepcap (D:8)
  2 gnoll boudas (D:5)
  4 iguanas
  5 starcursed masses (Abyss:2)
  Natasha (thrice) (D:2)
  32 orc wizards
  8 adders
  16 gnolls
  A shadow imp (D:6)
  An ufetubus (D:6)
  3 worms
  117 orcs
  11 ball pythons
  6 endoplasms
  4 giant cockroaches
  8 goblins
  6 hobgoblins
  8 jackals (D:1)
  3 quokkas
  3 bats
  4 frilled lizards
  29 kobolds
  4 rats
489 creatures vanquished.

Vanquished Creatures (others)
  A gnoll (D:5)
1 creature vanquished.

Grand Total: 490 creatures vanquished

Notes
Turn   | Place    | Note
-------+----------+-------------------------------------------
     0 | D:1      | mdonais the Mummy Monk began the quest for the Orb.
     0 | D:1      | Reached XP level 1. HP: 18/18 MP: 1/1
    23 | D:1      | Found Omuolo's Jewellery Shop.
   163 | D:1      | Reached XP level 2. HP: 17/24 MP: 2/2
   434 | D:1      | Gained mutation: You are in touch with the powers of death.
                  | [Mummy growth]
   434 | D:1      | Reached XP level 3. HP: 22/30 MP: 3/3
   984 | D:2      | Noticed Natasha
   988 | D:2      | Killed Natasha
   989 | D:2      | Reached skill level 4 in Fighting
   989 | D:2      | Reached XP level 4. HP: 26/37 MP: 4/4
  1128 | D:2      | Noticed Natasha
  1137 | D:2      | Killed Natasha
  1216 | D:2      | Noticed Natasha
  1227 | D:2      | Killed Natasha
  1331 | D:2      | Reached XP level 5. HP: 43/43 MP: 5/5
  1678 | D:2      | Found a runed translucent door.
  1679 | D:2      | Noticed Crazy Yiuf
  1965 | D:3      | Reached skill level 5 in Fighting
  1972 | D:3      | Found a faded altar of an unknown god.
  1989 | D:3      | Prayed at the altar of an unknown god.
  1989 | D:3      | Became a worshipper of Uskayaw the Reveller
  1989 | D:3      | Reached * piety under Uskayaw
  1989 | D:3      | Reached ** piety under Uskayaw
  2152 | D:3      | Reached *** piety under Uskayaw
  2153 | D:3      | Reached XP level 6. HP: 42/51 MP: 6/6
  2557 | D:3      | Found a hide-covered altar of Uskayaw.
  2911 | D:4      | Noticed Edmund
  3109 | D:4      | Reached skill level 1 in Armour
  3164 | D:4      | Found a shadowy altar of Dithmenos.
  3249 | D:4      | Noticed Eustachio
  3390 | D:4      | Reached **** piety under Uskayaw
  3396 | D:4      | Killed Eustachio
  3397 | D:4      | Reached skill level 6 in Fighting
  3397 | D:4      | Reached skill level 5 in Axes
  3397 | D:4      | Reached XP level 7. HP: 53/58 MP: 7/7
  3450 | D:5      | Entered Level 5 of the Dungeon
  3477 | D:5      | Noticed Grinder
  3494 | D:5      | Paralysed by Grinder for 3 turns
  3515 | D:5      | Killed Grinder
  3764 | D:5      | Reached XP level 8. HP: 58/65 MP: 8/8
  3767 | D:5      | Reached ***** piety under Uskayaw
  3775 | D:5      | Found a sparkling altar of Nemelex Xobeh.
  3865 | D:4      | Found an iron altar of Okawaru.
  4122 | D:5      | Noticed Prince Ribbit
  4143 | D:5      | Killed Prince Ribbit
  4224 | D:5      | Found an opulent altar of Gozag.
  4267 | D:5      | Found a runed translucent door.
  5284 | D:6      | Noticed Maggie
  5338 | D:6      | Killed Maggie
  5339 | D:6      | Reached skill level 7 in Fighting
  5339 | D:6      | Reached skill level 5 in Armour
  5745 | D:6      | Found a bloodstained altar of Trog.
  5972 | D:6      | Reached XP level 9. HP: 44/73 MP: 9/9
  6328 | D:7      | Reached skill level 8 in Fighting
  6438 | D:7      | Noticed Duvessa
  6487 | D:7      | Killed Duvessa
  6513 | D:7      | Noticed Dowan
  6519 | D:7      | Killed Dowan
  6961 | D:7      | Found a staircase to the Ecumenical Temple.
  6979 | D:7      | Found a hazy altar of Hepliaklqana.
  7317 | D:2      | Killed Crazy Yiuf
  7583 | D:4      | Killed Edmund
  7942 | D:5      | Reached XP level 10. HP: 74/80 MP: 10/10
  8707 | D:8      | Identified the +0 chain mail "Extarcha" {rPois Will- Str+3}
  8751 | D:8      | Reached skill level 10 in Axes
  9842 | D:9      | Found a broken altar of Ashenzari.
  9878 | D:9      | Found the +15 Maxwell's patent armour {-Cast -Tele rElec
                  | Will+ rCorr}
  9880 | D:9      | Reached skill level 9 in Fighting
 10120 | D:1      | Bought a +6 ring of strength for 468 gold pieces
 10458 | D:9      | Noticed a cyan ugly thing
 10458 | D:9      | Noticed an eight-headed hydra
 10794 | D:9      | Identified the ring "Jeucvare" {Wiz rN+}
 10873 | D:10     | Entered Level 10 of the Dungeon
 11073 | D:10     | Found a staircase to the Lair.
 11257 | D:10     | Reached XP level 11. HP: 89/89 MP: 11/11
 11263 | D:10     | Reached ****** piety under Uskayaw
 11492 | D:10     | Noticed a two-headed ogre
 11500 | D:10     | Killed a two-headed ogre
 11590 | D:10     | Found a staircase to the Orcish Mines.
 11654 | Lair:1   | Entered Level 1 of the Lair of Beasts
 11669 | Lair:1   | Reached skill level 10 in Fighting
 12132 | Lair:1   | Reached skill level 10 in Armour
 12180 | Lair:1   | Reached skill level 1 in Invocations
 12224 | Lair:1   | Identified the amulet of the Harvest {Reflect rF+ rC+ Will-
                  | Int+2 Dex+7 SH+5}
 12863 | Lair:2   | Noticed a six-headed hydra
 12973 | Orc:1    | Entered Level 1 of the Orcish Mines
 13013 | Orc:2    | Entered Level 2 of the Orcish Mines
 13013 | Orc:2    | Found a staircase to the Elven Halls.
 13034 | Orc:1    | Noticed an orc knight
 13054 | Orc:1    | Killed an orc knight
 13058 | Orc:1    | Found a dark tunnel.
 13075 | Orc:1    | Noticed an orc sorcerer
 13083 | Orc:1    | Reached skill level 5 in Invocations
 13083 | Orc:1    | Reached XP level 12. HP: 21/97 MP: 15/15
 13286 | Volcano  | Entered a volcano
 13335 | Abyss:2  | Cast into level 2 of the Abyss (a wizard)
 13336 | Abyss:2  | Upgraded the game from 0.31-a0-222-gefeffbb62a to
                  | 0.31-a0-229-g1fc7ce93e2
 13391 | Abyss:2  | Noticed a starcursed mass
 13421 | Abyss:2  | Found a corrupted altar of Lugonu.
 13430 | Abyss:2  | Fell from the grace of Uskayaw
 13430 | Abyss:2  | Became a worshipper of Lugonu the Unformed
 13430 | Abyss:2  | Reached * piety under Lugonu
 13430 | Abyss:2  | Reached ** piety under Lugonu
 13431 | Volcano  | Escaped the Abyss
 13541 | Abyss:2  | Cast into level 2 of the Abyss (a wizard)
 13547 | Abyss:2  | Noticed a starcursed mass
 13559 | Abyss:2  | Noticed a blizzard demon
 13562 | Volcano  | Escaped the Abyss
 13944 | Orc:2    | Reached skill level 11 in Fighting
 14495 | Orc:2    | Reached *** piety under Lugonu
 14594 | Orc:2    | Noticed an orc warlord
 14607 | Orc:2    | Killed an orc warlord
 14608 | Orc:2    | Reached skill level 12 in Fighting
 14780 | Orc:2    | Noticed Erolcha
 14799 | Orc:2    | Killed Erolcha
 15276 | Orc:2    | Noticed an orc warlord
 15313 | Orc:2    | Banished an orc warlord
 15314 | Orc:2    | Reached skill level 13 in Fighting
 15314 | Orc:2    | Gained mutation: You are strongly in touch with the powers
                  | of death. [Mummy growth]
 15314 | Orc:2    | Reached XP level 13. HP: 111/111 MP: 19/19
 15326 | Orc:2    | Reached **** piety under Lugonu
 15390 | Orc:2    | Found Edytetygy's Assorted Antiques.
 15533 | Orc:2    | Reached skill level 1 in Evocations
 15584 | Orc:2    | Found Deixasie's Book Emporium.
 15751 | Orc:2    | Found Ipuuz's Antique Weapon Shoppe.
 15753 | Orc:2    | Found Zint's Antique Armour Emporium.
 15857 | Orc:2    | Bought a pair of runed boots for 202 gold pieces
 15857 | Orc:2    | Bought a pair of glowing gloves for 202 gold pieces
 15927 | Orc:2    | Bought a scroll of enchant armour for 187 gold pieces
 16227 | Orc:1    | Killed from afar by a smoke demon

Illustrated notes

Levels and vault maps discovered:
D:1:      dpeg_arrival_windows_large_door, layout_loops_ring, serial_shops, shop
D:2:      layout_loops_ring, uniq_crazy_yiuf_cottage, uniq_natasha
D:3:      layout_basic, chequers_ecumenical_altar_simple,
          minmay_misc_feat_encased, nicolae_half_adder
D:4:      layout_cave_pools, old_standard_altar, nicolae_dithmenos_the_darkroom,
          uniq_edmund, uniq_eustachio
D:5:      layout_layer_cave, nicolae_elyvilon_temple_path,
          grunt_gozag_breadcrumbs, mainiacjoe_overflow_tiny_flanked, hex_medium,
          chequers_serial_rivers_room_b, lightli_church_of_beogh,
          uniq_prince_ribbit1, uniq_grinder
D:6:      layout_loops_corners, lightli_temple_of_fire, uniq_maggie
D:7:      layout_basic, nicolae_overflow_hidden_temple,
          mainiacjoe_overflow_surrounded_room, temple_pool_b, uniq_duvessa
D:8:      minmay_inner_zag, layout_layer_cave, grunt_decor_resistance,
          serial_bayou_pond_e
D:9:      layout_stronghold, mainiacjoe_overflow_chevrons,
          dreamdust_deal_with_the_devil, minmay_radiant
D:10:     layout_roguey, lair_entry_dummy, david_orc_4
Lair:1:   layout_gridlike, nicolae_lair_liquid_snakes
Lair:2:   layout_gridlike, nicolae_snake_entry_warm_welcome, special_room
          [special_room_bee]
Orc:1:    layout_caves, nicolae_volcano_entry_two_sided, mines_bat_river
Orc:2:    grunt_orc_community_town_hall, layout_caves,
          grunt_orc_community_big_house_2, grunt_orc_community_big_house_1,
          grunt_orc_community_house_3, grunt_orc_community_house_1,
          grunt_orc_community_house_1, grunt_orc_community_house_1,
          grunt_orc_community_house_2, grunt_orc_community_house_1, basic_altar,
          uniq_erolcha

Skill      XL: |  1  2  3  4  5  6  7  8  9 10 11 12 13 |
---------------+----------------------------------------+-----
Axes           | 3 4 5 6 9 10 | 10.2
Fighting       | 4 5 6 7 8 9 10 13 | 13.0
Armour         | 2 3 5 7 10 | 10.0
Invocations    | 5 8 |  8.0
Evocations     | 2 |  2.0
Dodging        | |  2.4

Action                     |  1- 3 |  4- 6 |  7- 9 | 10-12 | 13-15 || total
---------------------------+-------+-------+-------+-------+-------++-------
  Melee: Hand axe          |    96 |   167 |       |       |       ||   263
         War axe           |       |    45 |   105 |   590 |       ||   740
         Rapier            |       |       |   137 |       |       ||   137
         Battleaxe         |       |       |   115 |   119 |    73 ||   307
   Fire: Sling             |       |     8 |     2 |     2 |       ||    12
         Shortbow          |       |       |       |    13 |       ||    13
         Orcbow            |       |       |       |       |    20 ||    20
  Throw: Boomerang         |     2 |     5 |     2 |       |       ||     9
         Dart              |       |     3 |    11 |       |       ||    14
 Invoke: Depart the Abyss  |       |       |       |     2 |       ||     2
         Banish            |       |       |       |     1 |     2 ||     3
  Evoke: Wand              |       |       |     2 |     2 |       ||     4
    Use: Scroll            |       |     3 |     9 |     7 |     1 ||    20
   Stab: Paralysed         |       |     6 |    15 |    55 |       ||    76
         Invisible         |       |       |       |     1 |       ||     1
 Armour: Robe              |    18 |    31 |       |       |       ||    49
         Chain mail        |       |    44 |    66 |       |       ||   110
         Acid dragon scale |       |       |    84 |    81 |       ||   165
         Plate armour      |       |       |       |   405 |    57 ||   462
  Dodge: Dodged            |    58 |   124 |   208 |   325 |    33 ||   748
  Block: Orb               |       |       |       |    66 |       ||    66
         Other             |       |       |       |     1 |    17 ||    18
         Reflection        |       |       |       |     1 |     1 ||     2

Table legend: (Time is in decaauts)
 A = Elapsed time spent in this place.
 B = Non-inter-level travel time spent in this place.
 C = Inter-level travel time spent in this place.
 D = Time resting spent in this place.
 E = Time spent auto-exploring this place.
 F = Levels seen in this place.
 G = Mean time per level.
                   A        B        C        D        E       F      G
               +--------+--------+--------+--------+--------+-----+--------+
         Total |  16505 |  15102 |   1403 |   1105 |   9551 |  17 |  970.9 |
       Dungeon |  11941 |  10698 |   1243 |    219 |   7746 |  10 | 1194.1 |
          Lair |   1262 |   1235 |     27 |     22 |    869 |   2 |  631.0 |
  Orcish Mines |   2823 |   2690 |    133 |    817 |    901 |   2 | 1411.5 |
         Abyss |    117 |    117 |      0 |      0 |      0 |   2 |   58.5 |
       Volcano |    360 |    360 |      0 |     47 |     35 |   1 |  360.0 |
               +--------+--------+--------+--------+--------+-----+--------+

Top non-repeatable levels by time:
     D:5: 1835 daAuts
     D:8: 1562 daAuts
   Orc:2: 1531 daAuts
     D:3: 1421 daAuts
     D:6: 1371 daAuts
   Orc:1: 1291 daAuts
     D:2: 1228 daAuts
  Lair:1: 995 daAuts
     D:7: 972 daAuts
     D:9: 937 daAuts
     D:4: 898 daAuts
     D:1: 873 daAuts
    D:10: 840 daAuts
 Volcano: 360 daAuts
  Lair:2: 266 daAuts
